 Dungeon Crawl Stone Soup version 0.17-a0-1-g1f4be75 (webtiles) character file.

86 Malachi the Grave Robber (level 4, -11/30 HPs)
             Began as a Demonspawn Necromancer on Mar 7, 2015.
             Mangled by an orc warrior
             ... wielding a +0 hand axe
              (16 damage)
             ... on level 3 of the Dungeon.
             The game lasted 00:06:29 (2447 turns).

Malachi the Grave Robber (Demonspawn Necromancer)   Turns: 2447, Time: 00:06:30

Health: -11/30     AC:  4    Str:  8    XL:     4   Next: 26%
Magic:  2/9        EV: 12    Int: 17    God:
Gold:   78         SH:  0    Dex: 14    Spells: 3 memorised, 4 levels left

rFire  . . .     SeeInvis .     v - +2 dagger (elec)
rCold  . . .     Clarity  .     a - +0 robe
rNeg   . . .     SustAb   .     (no shield)
rPois  .         Gourm    .     (helmet restricted)
rElec  .         Spirit   .     x - +0 cloak
rCorr  .         Warding  .     k - +0 pair of gloves
rMut   .         Stasis   .     (no boots)
MR     .....                    (no amulet)
Stlth  +++.......               (no ring)
                                (no ring)

@: regenerating (expiring), not resistant to hostile enchantments, fairly
stealthy
A: horns 1, nightstalker 1
a: no special abilities


You were on level 3 of the Dungeon.
You were not hungry.

You visited 1 branch of the dungeon, and saw 3 of its levels.

You collected 78 gold pieces.

Inventory:

Hand weapons
 q - a +0 dagger
 r - a +1 whip of electrocution
 v - a +2 dagger of electrocution (weapon)
Missiles
 p - 6 needles of frenzy
Armour
 a - a +0 robe (worn)
 k - a +0 pair of gloves (worn)
 x - a +0 cloak (worn)
Jewellery
 e - a +5 ring of strength {unknown}
 g - an uncursed ring of sustain abilities {unknown}
 h - a +2 ring of protection {unknown}
Scrolls
 d - a scroll of teleportation {unknown}
 m - a scroll of remove curse {unknown}
 t - a scroll of noise {unknown}
 u - a scroll of immolation {unknown}
 y - a scroll of fear {unknown}
 z - a scroll of identify {unknown}
Potions
 i - a potion of mutation {unknown}
 j - 3 potions of curing {unknown}
 l - a potion of brilliance {unknown}
 s - a potion of poison {unknown}
Books
 b - a book of Necromancy

   Spells                             Type                      Level
   a - Pain                           Necromancy                   1
   b - Animate Skeleton               Necromancy                   1
   c - Vampiric Draining              Necromancy                   3
   d - Regeneration                   Charms/Necromancy            3
   e - Animate Dead                   Necromancy                   4
   f - Control Undead                 Necromancy                   4
Comestibles
 c - 3 bread rations
 f - 3 fruits
 n - 2 meat rations
 o - 4 chunks of flesh
 w - a royal jelly


   Skills:
 + Level 0.2 Fighting
 + Level 2.0 Dodging
 + Level 1.8 Stealth
 + Level 3.0 Spellcasting
 + Level 5.5 Necromancy


You had 4 spell levels left.
You knew the following spells:

 Your Spells              Type           Power        Failure   Level  Hunger
a - Pain                  Necr           ###.         1%          1    None
b - Animate Skeleton      Necr           N/A          1%          1    None
c - Regeneration          Chrm/Necr      ##........   17%         3    ###....


Dungeon Overview and Level Annotations

Branches:
Dungeon (3/15)

Altars:

Annotations:
D:3 Robin


Innate Abilities, Weirdness & Mutations

You have a pair of small horns on your head.
You are slightly more attuned to the shadows.


Message History

Unknown command.
You climb downwards.
Your mindless thralls stay behind.
Level annotation: Robin The goblin closely misses you.
There is a stone staircase leading up here.
Unknown command.
Your skin is crawling a little less now.
The orc warrior hits you with a hand axe!!
Ouch! That really hurt!
* * * LOW HITPOINT WARNING * * *
The goblin misses you. x2
Robin roars a battlecry!
The goblins go into a battle-frenzy!
The goblin hits you but does no damage. The goblin misses you.
The goblin hits you with a club.
* * * LOW HITPOINT WARNING * * *
The orc closely misses you.
The orc warrior hits you with a hand axe!
Ouch! That really hurt!
You die...

..
#######...#
#>og@g....#
#..ogo......
#...gg....#
#...gg....#
#.........
#.........
....... ...


You could see an orc warrior, Robin, 2 orcs and 6 goblins.

Vanquished Creatures
  An adder (D:2)
  A worm (D:2)
  A giant mite (D:2)
  9 bats
  2 giant cockroaches (D:2)
  7 hobgoblins
  7 kobolds
  2 giant geckos
  A giant newt (D:1)
  6 goblins
  4 rats
41 creatures vanquished.

Vanquished Creatures (collateral kills)
  Jessica (D:2)
  A worm (D:2)
  An ooze (D:1)
  A goblin (D:2)
  2 hobgoblins
  A quokka (D:2)
  A giant newt (D:2)
8 creatures vanquished.

Vanquished Creatures (others)
  2 bat skeletons (D:2)
  A kobold skeleton (D:2)
3 creatures vanquished.

Grand Total: 52 creatures vanquished

Notes
Turn   | Place    | Note
--------------------------------------------------------------
     0 | D:1      | Malachi, the Demonspawn Necromancer, began the quest for the Orb.
     0 | D:1      | Reached XP level 1. HP: 13/13 MP: 3/3
    63 | D:1      | Learned a level 1 spell: Animate Skeleton
   573 | D:1      | Gained mutation: You are slightly more attuned to the shadows. [demonic ancestry]
   573 | D:1      | Reached XP level 2. HP: 17/19 MP: 1/4
  1423 | D:2      | Reached skill level 5 in Necromancy
  1646 | D:2      | Gained mutation: You have a pair of small horns on your head. [demonic ancestry]
  1646 | D:2      | Reached XP level 3. HP: 24/24 MP: 4/6
  1681 | D:2      | Noticed Jessica
  1689 | D:2      | Killed Jessica
  2199 | D:2      | Reached XP level 4. HP: 28/30 MP: 8/8
  2407 | D:2      | Learned a level 3 spell: Regeneration
  2417 | D:3      | Noticed Robin
  2417 | D:3      | Noticed an orc warrior
  2447 | D:3      | Mangled by an orc warrior

Action                   |  1- 3 |  4- 6 || total
-------------------------+-------+-------++-------
Melee: Dagger            |    24 |     8 ||    32
       Unarmed           |     1 |       ||     1
 Cast: Pain              |    56 |     1 ||    57
       Animate Skeleton  |    15 |     4 ||    19
       Regeneration      |       |     2 ||     2
 Stab: Sleeping          |     1 |       ||     1
  Eat: Chunk             |     3 |     1 ||     4
       Fruit             |     2 |       ||     2
